 Dungeon Crawl Stone Soup version 0.31.0-12-g77e489cdc1 (webtiles) character file.

Game seed: 4238828950805386726

810 milkyshrine the Ruffian (level 7, 53/60 HPs)
             Began as a Minotaur Monk on Feb 12, 2024.
             Quit the game on level 5 of the Dungeon.
             The game lasted 00:09:00 (4095 turns).

milkyshrine the Ruffian (Minotaur Monk)             Turns: 4095, Time: 00:09:01

Health: 53/60      AC: 12    Str: 18    XL:     7   Next: 61%
Magic:  6/6        EV:  6    Int:  7    God:
Gold:   247        SH:  0    Dex: 12    Spells: 6/6 levels left

rFire   + .          .
                       - Unarmed
rCold   + . .        c - orb {light}
rNeg    . . .        r - +0 plate armour
rPois   .            (helmet restricted)
rElec   .            m - scarf {rC+ rF+}
rCorr   .            (no gloves)
SInv    .            (no boots)
Will    .....        (no amulet) Stlth
                     (no ring)
HPRegen 0.30/turn    (no ring)
MPRegen 0.10/turn

%: no passive effects
@: glowing
A: horns 2, retaliatory headbutt
a: no special abilities


You were on level 5 of the Dungeon.
You visited 1 branch of the dungeon, and saw 5 of its levels.

You collected 247 gold pieces.

Inventory:

Hand Weapons
 h - a +0 dagger
Missiles
 j - 3 boomerangs (quivered)
 q - 13 stones
Armour
 c - an orb of light (worn)
 m - a scarf of resistance (worn)
 r - a +0 plate armour (worn)
Jewellery
 n - a ring of fire
Wands
 d - a wand of mindburst (7)
Scrolls
 e - a scroll of blinking {unknown}
 f - 4 scrolls of identify
 g - a scroll of teleportation
 i - 2 scrolls of amnesia
 l - a scroll of vulnerability
 p - a scroll of fog {unknown}
Potions
 a - a potion of brilliance
 b - a potion of ambrosia
 k - a potion of haste
 o - a potion of lignification {unknown}


   Skills:
 + Level 4.5 Fighting
 + Level 2.6 Throwing
 + Level 4.8 Armour
 + Level 4.2 Dodging
 + Level 0.4 Stealth
 + Level 7.2 Unarmed Combat


You had 6 spell levels left.
You didn't know any spells.
Your spell library contained the following spells:

 Spells                   Type           Power      Damage    Failure   Level
 Cigotuvi's Dreadful Rot  Necr/Alch/Air  0%         N/A       100%        2
 Ignite Poison            Fire/Alch      0%         N/A       100%        4
 Freezing Cloud           Conj/Ice/Air   0%         6-21      100%        5


Dungeon Overview and Level Annotations

Branches:
Dungeon (5/15)             Temple (0/1) D:4

Altars:
Cheibriados
Fedhas
Gozag
Makhleb
Nemelex Xobeh
Okawaru
Qazlal
Sif Muna
Vehumet
Wu Jian
Xom
Yredelemnul
Zin


Innate Abilities, Weirdness & Mutations

You have a pair of horns on your head.
You reflexively headbutt those who attack you in melee.


Message History

You cannot throw/fire anything while caught in a web.
You cannot throw/fire anything while caught in a web.
You struggle to detach yourself from the web.
The web tears apart.
You punch the ribbon worm!
You headbutt the ribbon worm, but do no damage.
The ribbon worm is heavily wounded.
The ribbon worm bites you.
You punch the ribbon worm!
The ribbon worm is almost dead.
You punch the ribbon worm!
You kill the ribbon worm!
Found a blossoming altar of Fedhas.
You see here a ribbon worm corpse.
Found a stormy altar of Qazlal and a basalt altar of Yredelemnul.
Found a glowing silver altar of Zin.
An iguana comes into view.
An iguana is nearby!
You throw a boomerang.
The boomerang hits the iguana but does no damage.
Found a sparkling altar of Nemelex Xobeh.
There is a stormy altar of Qazlal here.
You hit the iguana.
The iguana is moderately wounded.
The iguana bites you!
You punch the iguana!
The iguana is almost dead.
The iguana barely misses you. You furiously retaliate!
You headbutt the iguana.
You kill the iguana!
You see here an iguana corpse.
Found a radiant altar of Vehumet.
Found an iron altar of Okawaru.
There is a basalt altar of Yredelemnul here.
Okay, then.
Press: ? - help, v - describe, . - travel A basalt altar of Yredelemnul.
This square is lit by a halo.
Okay, then.
Okay, then.
Are you sure you want to abandon this character and quit the game? (Confirm with "yes".)

###.#.# #.._.†._..#
......# #....#....#
#. #.....#
#._.###._.# #.
#....)## #...##....#
#.
#...†..###...#.._..#
###.
#####........#..†.##
# #...
#.########._.## _.#
#... #.# #....#....#
#... #.#
#..@..._..##### #...
#.# ##..._...##...#
#... #.#
##.....###...#####.
#.# #######
#......... #.#
#)..###### #.# #.###
### #.# #)# #..
###.### #.# #.##
#...†.# #.# #.#.


There were no monsters in sight!

Vanquished Creatures
  The ghost of GenosseHeretic the Chopper, an amateur HOFi (D:3)
  A black bear (D:5)
  2 ogres
  A jelly (D:4)
  4 bombardier beetles
  A hound (D:4)
  An orc priest (D:5)
  2 iguanas
  A sleepcap (D:4)
  2 orc wizards
  3 adders
  6 dart slugs
  3 ribbon worms
  8 orcs
  5 endoplasms
  3 giant cockroaches
  6 goblins
  6 hobgoblins
  3 jackals (D:1)
  5 quokkas
  5 ball pythons
  6 bats
  A frilled lizard (D:2)
  8 kobolds
  7 rats
91 creatures vanquished.

Notes
Turn   | Place    | Note
-------+----------+-------------------------------------------
     0 | D:1      | milkyshrine the Minotaur Monk began the quest for the Orb.
     0 | D:1      | Reached XP level 1. HP: 19/19 MP: 0/0
    64 | D:1      | Reached XP level 2. HP: 24/27 MP: 1/1
   443 | D:1      | Reached XP level 3. HP: 33/33 MP: 2/2
  1018 | D:2      | Reached skill level 1 in Armour
  1041 | D:2      | Reached skill level 4 in Unarmed Combat
  1413 | D:2      | Reached XP level 4. HP: 34/40 MP: 3/3
  1825 | D:3      | Found a runed translucent door.
  1825 | D:3      | Noticed GenosseHeretic's ghost (amateur HOFi)
  2009 | D:3      | Found a snail-covered altar of Cheibriados.
  2019 | D:3      | Reached skill level 5 in Unarmed Combat
  2019 | D:3      | Reached XP level 5. HP: 45/46 MP: 4/4
  2510 | D:3      | Killed GenosseHeretic's ghost
  2511 | D:3      | Reached skill level 1 in Throwing
  2660 | D:4      | Reached XP level 6. HP: 53/53 MP: 5/5
  2758 | D:4      | Reached skill level 6 in Unarmed Combat
  3047 | D:4      | Found a staircase to the Ecumenical Temple.
  3326 | D:4      | Found an opulent altar of Gozag.
  3727 | D:4      | Reached XP level 7. HP: 60/60 MP: 6/6
  3733 | D:5      | Entered Level 5 of the Dungeon
  4025 | D:5      | Reached skill level 7 in Unarmed Combat
  4054 | D:5      | Found an ornate altar of the Wu Jian Council.
  4054 | D:5      | Found a burning altar of Makhleb.
  4054 | D:5      | Found a shimmering blue altar of Sif Muna.
  4059 | D:5      | Found a shimmering altar of Xom.
  4066 | D:5      | Found a blossoming altar of Fedhas.
  4083 | D:5      | Found a stormy altar of Qazlal.
  4083 | D:5      | Found a basalt altar of Yredelemnul.
  4084 | D:5      | Found a glowing silver altar of Zin.
  4088 | D:5      | Found a sparkling altar of Nemelex Xobeh.
  4093 | D:5      | Found a radiant altar of Vehumet.
  4094 | D:5      | Found an iron altar of Okawaru.
  4095 | D:5      | Quit the game

Illustrated notes

Levels and vault maps discovered:
D:1:      nagdon_arrival_zigzag_paths, layout_basic, minmay_octomino_j4
D:2:      layout_loops_corners, kennysheep_generic_room_12
D:3:      layout_basic, slow_altar_2, hellmonk_ghost_happy_afterlife
D:4:      layout_basic, grunt_gozag_breadcrumbs, minmay_temple_entry_slanted,
          serial_corexii_hall, corexii_hall_statues_i, corexii_hall_statues_u,
          chequers_hall_statues_y, corexii_hall_statues_s,
          kennysheep_small_square
D:5:      layout_basic, nicolae_overflow_hallway_of_the_gods

Skill      XL: |  1  2  3  4  5  6  7 |
---------------+----------------------+-----
Fighting       | 4 |  4.5
Dodging        | 4 |  4.2
Armour         | 1 2 4 |  4.8
Unarmed Combat | 4 5 6 7 |  7.2
Throwing       | 1 2 |  2.6
Stealth        | |  0.4

Action                     |  1- 3 |  4- 6 |  7- 9 || total
---------------------------+-------+-------+-------++-------
  Melee: Unarmed           |    83 |    73 |    24 ||   180
         Headbutt          |    18 |    16 |     4 ||    38
  Throw: Stone             |    20 |     5 |       ||    25
         Boomerang         |       |    19 |    23 ||    42
    Use: Scroll            |       |     4 |       ||     4
         Potion            |       |     2 |       ||     2
 Armour: Robe              |     9 |       |       ||     9
         Ring mail         |    34 |    22 |       ||    56
         Plate armour      |       |     8 |    10 ||    18
  Dodge: Dodged            |    62 |    25 |     5 ||    92
